 Dungeon Crawl Stone Soup version 0.31-a0-210-gccc998d (webtiles) character file.

Game seed: 15875739658969509944

3977 Dawnplanks the Zephyrmancer (level 10, -7/52 HPs)
             Began as a Tengu Air Elementalist on June 30, 2023.
             Was a Follower of Vehumet.
             Shot with an arrow by a centaur warrior (19 damage)
             ... on level 8 of the Dungeon.
             The game lasted 00:16:00 (9624 turns).

Dawnplanks the Zephyrmancer (TeAE)                  Turns: 9624, Time: 00:16:02

Health: -7/52      AC:  8    Str:  8    XL:     10   Next: 22%
Magic:  10/23      EV: 16    Int: 20    God:    Vehumet [*.....]
Gold:   386        SH:  0    Dex: 15    Spells: 16/26 levels left

rFire   . . .        x - +6 whip of Malaise {heavy, *Noise Fly rC+ Will+}
rCold   + . .        (no shield)
rNeg    + . .        G - +0 steam dragon scales
rPois   .            (helmet restricted)
rElec   .            C - +2 cloak
rCorr   .            (no gloves)
SInv    .            (boots unavailable)
Will    +....        h - amulet of regeneration
Stlth   ++           H - ring of positive energy
HPRegen 1.08/turn    (no ring)
MPRegen 0.18/turn

%: no passive effects
@: flying quickly and evasively, quick
A: beak, talons 3, nimble flight
a: Renounce Religion


You were on level 8 of the Dungeon.
You worshipped Vehumet.
Vehumet was aware of your devotion.
You visited 2 branches of the dungeon, and saw 9 of its levels.
You also visited: Sewer.

You collected 386 gold pieces.

Inventory:

Hand Weapons
 f - a +2 spear of venom
 x - the +6 whip of Malaise (weapon) {heavy, *Noise Fly rC+ Will+}
   (You found it on level 4 of the Dungeon)

   rC:        It protects you from cold.
   Fly:       It grants you flight.
   *Noise:    It may make noises in combat.
   Will:      It increases your willpower.
Armour
 C - a +2 cloak (worn)
 G - +0 steam dragon scales (worn)
Jewellery
 h - an amulet of regeneration (around neck)
 o - an amulet of guardian spirit
 y - an amulet of reflection
 E - a ring of ice
 H - a ring of positive energy (left hand)
Scrolls
 a - 2 scrolls of amnesia {unknown}
 c - 3 scrolls of fog {unknown}
 e - 7 scrolls of teleportation {unknown}
 i - a scroll of noise {unknown}
 n - a scroll of silence
 t - 2 scrolls of enchant armour
 v - a scroll of fear
 A - a scroll of revelation {unknown}
 B - a scroll of poison {unknown}
 F - 2 scrolls of blinking {unknown}
Potions
 b - 2 potions of magic
 d - a potion of degeneration
 g - a potion of mutation
 j - 4 potions of enlightenment
 k - a potion of heal wounds
 m - 4 potions of brilliance
 p - 2 potions of lignification
 r - 4 potions of haste {unknown}
 s - a potion of might {unknown}
 w - 3 potions of curing {unknown}
 z - a potion of ambrosia {unknown}
 D - a potion of attraction {unknown}


   Skills:
 + Level 1.3 Fighting
 + Level 0.6 Polearms
 + Level 3.7 Dodging
 + Level 3.4 Stealth
 + Level 8.9 Spellcasting
 + Level 8.9 Conjurations
 + Level 10.6 Air Magic


You had 16 spell levels left.
You knew the following spells:

 Your Spells              Type           Power      Damage    Failure   Level
a - Shock                 Conj/Air       100%       1d9       1%          1
b - Static Discharge      Conj/Air       96%        2-6/arc   1%          2
c - Swiftness             Air            51%        N/A       1%          3
d - Airstrike             Air            25%        2d(4-20)  1%          4

Your spell library contained the following spells:

 Spells                   Type           Power      Damage    Failure   Level
 Magic Dart               Conj           100%       1d8       1%          1
 Cigotuvi's Dreadful Rot  Necr/Pois/Air  46%        N/A       2%          2
 Lesser Beckoning         Tloc           16%        N/A       12%         2
 Scorch                   Fire           16%        2d6       12%         2
 Flame Wave               Conj/Fire      26%        2d8       12%         4
 Freezing Cloud           Conj/Ice/Air   17%        6-21      14%         5
 Gell's Gravitas          Tloc           8%         N/A       24%         3
 Ignite Poison            Fire/Tmut/Pois 8%         N/A       24%         3
 Portal Projectile        Hex/Tloc       16%        N/A       24%         3
 Teleport Other           Tloc           8%         N/A       24%         3
 Tukima's Dance           Hex            8%         N/A       24%         3
 Blade Hands              Tmut           4%         N/A       91%         5
 Summon Cactus Giant      Summ           4%         N/A       100%        6


Dungeon Overview and Level Annotations

Branches:
Dungeon (8/15)             Temple (1/1) D:7           Sewer (visited)
   Lair: D:8-11

Altars:
Ashenzari
Cheibriados
Dithmenos
Fedhas
Gozag
Hepliaklqana
Kikubaaqudgha
Makhleb
Nemelex Xobeh
Okawaru
Qazlal
Ru
Sif Muna
Trog
Uskayaw
Vehumet
Xom
Yredelemnul
Zin
The Shining One

Shops:
D:4 *

Annotations:
D:6 3 runed translucent doors, mmez's ghost, novice DsNe


Innate Abilities, Weirdness & Mutations

You have a beak for a mouth.
You have claws for feet.
Your magical nature lets you fly swiftly and evasively.


Message History

a - 2 scrolls labelled IWUEVI CINKAT (gained 1)
Things that are here:
a +0 halberd; a +0 ring mail A centaur warrior comes into view.
The zap hits the centaur warrior.
The centaur warrior is lightly wounded.
The centaur warrior shouts!
The centaur warrior wields a +0 shortbow.
The centaur warrior shoots an arrow.
The arrow hits you!
The centaur warrior shoots an arrow.
The arrow misses you.
The zap hits the centaur warrior.
The centaur warrior is lightly wounded.
The centaur warrior shoots an arrow.
The arrow hits you!
Casting: Shock (safe; 1% risk of failure)
Confirm with . or Enter, or press ? or * to list all spells.
Aiming: Airstrike (dangerous; 1% risk of failure)
Press: ? - help, Dir - move target, f/p - centaur warrior
Aim: a centaur warrior, wielding a +0 shortbow and wearing a +0 robe (lightly wounded, empty space bonus: 8/8)
The air twists around and strikes the centaur warrior!
The centaur warrior is moderately wounded.
The centaur warrior shoots an arrow.
The arrow closely misses you.
The centaur warrior shoots an arrow.
The arrow misses you.
Casting: Airstrike (dangerous; 1% risk of failure)
Confirm with . or Enter, or press ? or * to list all spells.
Aiming: Airstrike (dangerous; 1% risk of failure)
Press: ? - help, Dir - move target, f/p - centaur warrior
Aim: a centaur warrior, wielding a +0 shortbow and wearing a +0 robe (moderately wounded, empty space bonus: 8/8)
The air twists around and strikes the centaur warrior!
The centaur warrior is heavily wounded.
The centaur warrior shoots an arrow.
The arrow hits you!
* * * LOW HITPOINT WARNING * * *
Casting: Airstrike (dangerous; 1% risk of failure)
Confirm with . or Enter, or press ? or * to list all spells.
Aiming: Airstrike (dangerous; 1% risk of failure)
Press: ? - help, Dir - move target, f/p - centaur warrior
Aim: a centaur warrior, wielding a +0 shortbow and wearing a +0 robe (heavily wounded, empty space bonus: 8/8)
The air twists around and strikes the centaur warrior!
The centaur warrior is almost dead.
The centaur warrior shoots an arrow.
The arrow hits you!!
You die...

#..#####........#.
#..#...........)..
#..#.####.c..########
#............#......#
#....#.##....#.####.#
#.)..#)..<.#.#.# #.#
#.)..)....^#.#.# #.#
#..)##.###.#.#.# #.#
#...#.@....#.#.# #.#
#...#.######.#.# #.#
#..).........#.# #.#
#..###########.# #.#
#....))..))†...# #.#
##.#################.#
#....†...............#
####################.#
###


You could see a centaur warrior.

Vanquished Creatures
  Pikel (D:6)
  A hornet (D:7)
  Prince Ribbit (D:5)
  Sigmund (D:6)
  A steam dragon (D:7)
  An ice beast (D:6)
  An orc warrior (D:8)
  4 sky beasts
  3 ogres
  A centaur (D:8)
  3 lemures (D:6)
  2 phantoms
  2 gnoll sergeants
  4 scorpions
  6 wights
  5 killer bees (D:8)
  4 jellies
  A gnoll bouda (D:5)
  2 orc priests
  2 hounds (D:5)
  4 iguanas
  6 orc wizards
  A scorpion zombie (D:3)
  A hound zombie (D:3)
  10 gnolls
  5 adders
  6 river rats (Sewer)
  A shadow imp (D:8)
  An ufetubus (D:5)
  An adder zombie (D:3)
  4 worms
  2 dart slugs
  35 orcs
  10 ball pythons
  9 bats
  7 endoplasms
  3 giant cockroaches
  3 goblins
  11 hobgoblins
  A jackal (D:1)
  17 kobolds
  7 frilled lizards
  A giant cockroach zombie (D:3)
  25 rats
217 creatures vanquished.

Vanquished Creatures (others)
  2 orcs (D:7)
2 creatures vanquished.

Grand Total: 219 creatures vanquished

Notes
Turn   | Place    | Note
-------+----------+-------------------------------------------
     0 | D:1      | Dawnplanks the Tengu Air Elementalist began the quest for
                  | the Orb.
     0 | D:1      | Reached XP level 1. HP: 10/10 MP: 4/4
   208 | D:1      | Reached XP level 2. HP: 15/15 MP: 3/6
   648 | D:1      | Reached XP level 3. HP: 18/19 MP: 3/7
  1665 | D:2      | Learned a level 2 spell: Static Discharge
  1669 | D:2      | Learned a level 3 spell: Swiftness
  1966 | D:3      | Reached XP level 4. HP: 24/24 MP: 4/9
  2065 | D:3      | Found a hide-covered altar of Uskayaw.
  2201 | D:3      | Reached skill level 5 in Air Magic
  2285 | D:3      | Found a basalt altar of Yredelemnul.
  2400 | D:3      | Found a glowing drain.
  2414 | Sewer    | Entered a sewer
  2477 | Sewer    | Gained mutation: Your magical nature lets you fly swiftly
                  | and evasively. [Tengu growth]
  2477 | Sewer    | Reached XP level 5. HP: 28/28 MP: 4/10
  3885 | D:4      | Found Vapnoim's Gadget Gallery.
  3886 | D:4      | Noticed a phantom
  3898 | D:4      | Killed a phantom
  3899 | D:4      | Reached skill level 6 in Air Magic
  3899 | D:4      | Reached XP level 6. HP: 19/32 MP: 1/12
  4368 | D:4      | Identified the +6 whip of Malaise {heavy, *Noise Fly rC+
                  | Will+}
  4419 | D:4      | Reached XP level 7. HP: 36/36 MP: 8/14
  5161 | D:5      | Entered Level 5 of the Dungeon
  5177 | D:5      | Reached skill level 5 in Spellcasting
  5244 | D:5      | Found a radiant altar of Vehumet.
  5508 | D:5      | Reached skill level 5 in Conjurations
  5508 | D:5      | Reached skill level 7 in Air Magic
  5876 | D:5      | Noticed Prince Ribbit
  5892 | D:5      | Killed Prince Ribbit
  5893 | D:5      | Reached XP level 8. HP: 40/42 MP: 1/17
  6309 | D:5      | Found an opulent altar of Gozag.
  6310 | D:5      | Found a glowing silver altar of Zin.
  6447 | D:5      | Became a worshipper of Vehumet
  6954 | D:6      | Noticed Sigmund
  6963 | D:6      | Killed Sigmund
  6964 | D:6      | Reached skill level 8 in Air Magic
  7073 | D:6      | Learned a level 4 spell: Airstrike
  7237 | D:6      | Found a runed translucent gate.
  7238 | D:6      | Found a runed translucent gate.
  7239 | D:6      | Found a runed translucent gate.
  7240 | D:6      | Noticed mmez's ghost (novice DsNe)
  7318 | D:6      | Noticed Pikel
  7334 | D:6      | Killed Pikel
  7335 | D:6      | Reached XP level 9. HP: 25/46 MP: 6/20
  7456 | D:6      | Reached skill level 9 in Air Magic
  7491 | D:6      | Found a sparkling altar of Nemelex Xobeh.
  7761 | D:6      | Reached * piety under Vehumet
  7761 | D:6      | Offered knowledge of Magic Dart by Vehumet.
  8339 | D:7      | Found a staircase to the Ecumenical Temple.
  8356 | D:7      | Reached skill level 10 in Air Magic
  8455 | Temple   | Entered the Ecumenical Temple
  8566 | D:7      | Noticed a hornet
  8573 | D:7      | Killed a hornet
  8574 | D:7      | Reached skill level 1 in Fighting
  8852 | D:7      | Reached XP level 10. HP: 52/52 MP: 19/23
  9619 | D:8      | Noticed a centaur warrior
  9624 | D:8      | Shot with an arrow by a centaur warrior

Illustrated notes

Levels and vault maps discovered:
D:1:      dpeg_arrival_brainrot, layout_basic, minmay_tiny_reverse_x
D:2:      layout_loops_ring, minmay_misc_feat_encased, minmay_statues_item,
          grunt_decor_cap
D:3:      minmay_door_path, layout_rooms, mainiacjoe_overflow_catwalk,
          nicolae_yredelemnul_corpse_copse, cheibrodos_sewer_entry_bend,
          amcnicky_mini_rare_corridor_liquid
D:4:      layout_basic, nicolae_shop_gadgets
D:5:      layout_loops_corners, grunt_temple_overflow_gold_and_silver,
          old_standard_altar, roderic_serpentine_path, uniq_prince_ribbit1
D:6:      layout_loops_ring, nemelex_spade_bored_becter,
          biasface_ghost_orc_armoury, serial_glass, glass_columns_c,
          glass_columns_b, glass_columns_a, glass_columns_b, glass_columns_a,
          glass_columns_c, uniq_pikel, uniq_sigmund
D:7:      layout_rooms, minmay_temple_entry_glass, glass_columns_a
D:8:      layout_basic, lair_entry_dummy, abandoned_shop, minmay_manual_mail,
          uniq_psyche
Temple:   jpeg_temple_clearing

Skill      XL: |  1  2  3  4  5  6  7  8  9 |
---------------+----------------------------+-----
Conjurations   | 2 3 5 7 8 |  8.9
Spellcasting   | 3 4 5 7 8 |  8.9
Air Magic      | 5 6 7 8 10 | 10.6
Stealth        | 3 |  3.4
Dodging        | 3 |  3.7
Fighting       | 1 |  1.3
Polearms       | |  0.6

Action                     |  1- 3 |  4- 6 |  7- 9 | 10-12 || total
---------------------------+-------+-------+-------+-------++-------
  Melee: Unarmed           |     2 |       |       |       ||     2
         Kick              |     1 |     7 |       |       ||     8
         Spear             |     1 |    25 |       |       ||    26
         Peck              |       |     5 |     2 |       ||     7
         Whip              |       |       |     6 |       ||     6
   Cast: Shock             |    78 |   153 |   269 |    83 ||   583
         Static Discharge  |       |     3 |     1 |       ||     4
         Swiftness         |       |       |     2 |       ||     2
         Airstrike         |       |       |    14 |     3 ||    17
    Use: Scroll            |       |       |     7 |     2 ||     9
   Stab: Sleeping          |       |     2 |       |       ||     2
 Armour: Robe              |     2 |    10 |    10 |       ||    22
         Steam dragon scal |       |       |     3 |    10 ||    13
  Dodge: Dodged            |     1 |    32 |    55 |    48 ||   136

Table legend: (Time is in decaauts)
 A = Elapsed time spent in this place.
 B = Non-inter-level travel time spent in this place.
 C = Inter-level travel time spent in this place.
 D = Time resting spent in this place.
 E = Time spent auto-exploring this place.
 F = Levels seen in this place.
 G = Mean time per level.
                   A        B        C        D        E       F      G
               +--------+--------+--------+--------+--------+-----+--------+
         Total |   9285 |   8713 |    572 |    106 |   7364 |  10 |  928.5 |
       Dungeon |   8111 |   7555 |    556 |    106 |   6379 |   8 | 1013.9 |
        Temple |     81 |     66 |     15 |      0 |     52 |   1 |   81.0 |
         Sewer |   1092 |   1092 |      0 |      0 |    932 |   1 | 1092.0 |
               +--------+--------+--------+--------+--------+-----+--------+

Top non-repeatable levels by time:
     D:5: 1718 daAuts
     D:4: 1207 daAuts
     D:6: 1203 daAuts
   Sewer: 1092 daAuts
     D:1: 1010 daAuts
     D:3: 883 daAuts
     D:2: 842 daAuts
     D:7: 833 daAuts
     D:8: 412 daAuts
  Temple: 81 daAuts
